[Event "Late-Titled-Tuesday-Blitz-November-28-2023"]
[Site "Chess.com"]
[Date "2023.11.28"]
[Round "4"]
[White "szefru"]
[Black "Nick12772"]
[Result "1/2-1/2"]
[WhiteElo "2332"]
[BlackElo "2393"]
[TimeControl "180+1"]
[EndTime "14:38:01 PST"]
[Termination "Game drawn - insufficient material"]

1. e4 e6 2. d4 d5 3. Nd2 Nf6 4. e5 Nfd7 5. f4 c5 6. c3 Qb6 7. Ndf3 Nc6 8. Ne2 Be7 9. g3 h5 10. Bh3 g6 11. Kf1 a5 12. Kg2 a4 13. Rg1 c4 14. g4 hxg4 15. Bxg4 Qd8 16. Rh1 Bh4 17. Nxh4 Qxh4 18. h3 b5 19. Be3 b4 20. Bf2 Qe7 21. h4 a3 22. b3 Ba6 23. h5 gxh5 24. Rxh5 Rxh5 25. Bxh5 cxb3 26. Qxb3 Bc4 27. Qc2 Kd8 28. Kf3 Kc7 29. Rb1 Rb8 30. Be1 bxc3 31. Rxb8 Ndxb8 32. Qxc3 Bxe2+ 33. Kxe2 Na6 34. Ke3 Qb4 35. Bxf7 Qxc3+ 36.
Bxc3 Kd7 37. f5 Nd8 38. fxe6+ Nxe6 39. Bh5 Nd8 40. Bg4+ Ke7 41. Ba5 Nc6 42. Be1 Nab4 43.
Bh4+ Ke8 44. Kd2 Nxd4 45. Kc3 Ndc6 46. Bh5+ Kf8 47. e6 Nxa2+ 48. Kb3 Nc1+ 49. Kxa3 Nd3 50. Bf3 Nf4 51. Bxd5 Nxd5 52. e7+ Ke8 53. Kb3 Ne5 54. Bg5 Ng6 55. Kc4 Nc7 56. Kd4 Ne6+ 57. Ke4 Nxg5+ 58.
Kf5 Nf7 59. Kxg6 Kxe7 1/2-1/2

[Event "Late-Titled-Tuesday-Blitz-November-28-2023"]
[Site "Chess.com"]
[Date "2023.11.28"]
[Round "4"]
[White "TrenerChos"]
[Black "Hirna2005"]
[Result "1-0"]
[WhiteElo "2604"]
[BlackElo "2345"]
[TimeControl "180+1"]
[EndTime "14:38:02 PST"]
[Termination "TrenerChos won on time"]

1. d4 g6 2. Nf3 Bg7 3. e3 d6 4. b3 Nf6 5. Bb2 O-O 6. Nbd2 b6 7. Bd3 Bb7 8. O-O Nbd7 9. e4 e5 10. dxe5 Ng4 11. Be2 Ngxe5 12. Nd4 Re8 13. Re1 Qh4 14. N2f3 Nxf3+ 15. Nxf3 Qxe4 16. Bxg7 Kxg7 17. Bb5 Qg4 18.
Bxd7 Rxe1+ 19. Qxe1 Qxd7 20. Qc3+ f6 21. Nd4 Re8 22. Qd2 c5 23. Ne2 Qc6 24. f3 d5 25.
c3 Qe6 26. Kf2 Qe5 27. h3 f5 28. Nf4 Re7 29. Ne2 h6 30. Rd1 g5 31. Ng3 f4 32.
Ne2 Ba6 33. Nc1 Qe3+ 34. Qxe3 fxe3+ 35. Ke1 Re5 36. a3 Kf6 37. b4 Bc4 38. Nd3 Re6 39.
bxc5 bxc5 40. Nxc5 Rb6 41. Nd7+ Ke6 42. Nxb6 axb6 43.
Rb1 b5 44. Rd1 Ke5 45. Rd4 Kf5 46. h4 Ke5 47. g3 Kf5 48. hxg5 hxg5 49. Rd1 Ke5 50.
Ra1 Kf5 51. a4 bxa4 52. Rxa4 Ke5 53. Ra8 d4 54. Re8+ Be6 55. cxd4+ Kd5 56. Ke2 Bd7 57. Rd8 Kd6 58. Kxe3 Ke7 59. Rxd7+ Kxd7 60. Ke4 1-0

[Event "Late-Titled-Tuesday-Blitz-November-28-2023"]
[Site "Chess.com"]
[Date "2023.11.28"]
[Round "4"]
[White "NotFischer"]
[Black "WindWhistler11"]
[Result "0-1"]
[WhiteElo "2341"]
[BlackElo "2548"]
[TimeControl "180+1"]
[EndTime "14:38:08 PST"]
[Termination "WindWhistler11 won on time"]

1. e4 e6 2. d4 d5 3. e5 c5 4. c3 Nc6 5. Nf3 Bd7 6. dxc5 Bxc5 7. b4 Bb6 8. b5 Na5 9. Bd3 Rc8 10. O-O Ne7 11. h4 h6 12. a4 Nf5 13. Bxf5 exf5 14. Qxd5 O-O 15. Ba3 Be6 16. Qxd8 Rfxd8 17. Bb4 Nb3 18. Ra3 a5 19. bxa6 bxa6 20. a5 Ba7 21.
Bd6 Bc5 22. Bxc5 Rxc5 23. Ra4 Rxa5 24. Rxa5 Nxa5 25. Nbd2 Nc6 26. Ra1 a5 27. Kf1 g5 28.
hxg5 hxg5 29. Ke2 g4 30. Nd4 Rxd4 31. cxd4 Nxd4+ 32. Kd3 Nc6 33. f4 Bd5 34. g3 Kf8 35.
Nc4 Ke7 36. Nxa5 Be4+ 37. Ke3 Nb4 38. Rd1 Nc2+ 39. Kf2 Nb4 40. Nc4 Nd3+ 41. Kf1 Nc5 42. Nd6 Ba8 43. Rc1 Ne6 44. Rc8 Bd5 45. Re8+ Kd7 46.
Rg8 f6 47. Rh8 fxe5 48. fxe5 Kc6 49. Rh7 Nd4 50. Nf7 Nf3 51. Nh6 Be6 52. Rh8 Kd5 53. Rf8 Kxe5 54. Kf2 Nd2 55. Re8 Ne4+ 56. Kg2 Nf6 57. Re7 Nd5 58. Re8 Ne3+ 59. Kf2 Nc4 60. Nf7+ Kf6 61. Nh8 Nd6 62. Rd8 Ke7 0-1

[Event "Late-Titled-Tuesday-Blitz-November-28-2023"]
[Site "Chess.com"]
[Date "2023.11.28"]
[Round "4"]
[White "thechessnoob12345"]
[Black "dianamirza"]
[Result "1/2-1/2"]
[WhiteElo "2289"]
[BlackElo "2024"]
[TimeControl "180+1"]
[EndTime "14:38:09 PST"]
[Termination "Game drawn - timeout vs insufficient material"]

1. d4 Nf6 2. c4 e6 3. Nc3 Bb4 4.
e3 O-O 5. Bd3 d5 6. Nf3 c5 7.
O-O Nc6 8. a3 Bxc3 9. bxc3 b6 10.
cxd5 Nxd5 11. c4 Nf6 12. Bb2 Ba6 13. Qa4 Bb7 14. Rfd1 cxd4 15. exd4 Rc8 16. d5 exd5 17. cxd5 Na5 18. Qh4 h6 19. Bf5 Rc4 20. Bxf6 Qxf6 21. Qxf6 gxf6 22. d6 Bxf3 23. gxf3 Rd8 24. d7 Nb7 25.
Rac1 Rxc1 26. Rxc1 Nc5 27. Rd1 Kf8 28. Rd4 Ke7 29.
Rh4 Nxd7 30. Rxh6 Ne5 31. Be4 Rd1+ 32. Kg2 Ra1 33. f4 Ng4 34. Rh3 Ke6 35. Kf3 f5 36.
Bc2 Rxa3+ 37. Kg2 Rxh3 38. Kxh3 Nxf2+ 39. Kg3 Ne4+ 40. Kf3 Kd5 41. h4 Nd6 42. h5 Ke6 43. Ke3 Kf6 44. Kd4 Nb5+ 45. Kd5 Na3 46. Bd3 b5 47.
Kc5 a6 48. Kb6 b4 49. Ka5 b3 50. Ka4 Nc2 51. Kxb3 Nd4+ 52. Kc3 Ne6 53. Bxa6 Nxf4 54. Kd4 Nxh5 55. Ke3 f4+ 56. Kf3 Kg5 57. Bd3 f5 58.
Bc4 Nf6 59. Bb3 Ne4 60. Bd5 Nd2+ 61. Ke2 Ne4 62. Kf3 Nc3 63. Bb7 Nb5 64. Bc6 Nd6 65.
Bd5 Nc8 66. Ba8 Ne7 67. Bb7 Ng6 68. Ba8 Ne5+ 69. Kf2 Kg4 70. Bb7 Nd3+ 71. Ke2 Ne5 72. Bh1 f3+ 73. Ke3 f4+ 74. Kf2 Nd3+ 75. Kf1 f2 76.
Be4 1/2-1/2

[Event "Late-Titled-Tuesday-Blitz-November-28-2023"]
[Site "Chess.com"]
[Date "2023.11.28"]
[Round "4"]
[White "DuleMudule"]
[Black "Oleksandr_Bortnyk"]
[Result "0-1"]
[WhiteElo "2859"]
[BlackElo "3052"]
[TimeControl "180+1"]
[EndTime "14:38:14 PST"]
[Termination "Oleksandr_Bortnyk won by checkmate"]

1. d4 Nf6 2. Bg5 g6 3. Bxf6 exf6 4. e3 c6 5. c4 Qb6 6. Qd2 a5 7. Nc3 a4 8. a3 d6 9. Bd3 Be7 10.
Nge2 O-O 11. O-O f5 12. Bc2 Qa6 13. Nxa4 Be6 14. b3 b5 15. cxb5 Qxb5 16. Nac3 Qb6 17. d5 cxd5 18. Nxd5 Bxd5 19. Qxd5 Nd7 20. b4 Nf6 21. Qd3 Rfc8 22. Bb3 Ng4 23. Nf4 Bf6 24. Nd5 Qd8 25. Nxf6+ Qxf6 26. Qd5 Ra7 27. h3 Ne5 28. Rfd1 Rc3 29. a4 Nd3 30. Rab1 Nxb4 31. Qb5 Nc6 32. Bd5 Ra5 33. Qb6 Rac5 34. Bxc6 Rxc6 35. Qb4 R3c4 36. Qb5 f4 37. exf4 Qxf4 38. a5 R4c5 39. Qb8+ Kg7 40. Ra1 Ra6 41. Qb2+ Qe5 42. Qb4 h5 43. Ra4 Raxa5 44. Rxa5 Rxa5 45. Qxd6 Qf5 46. Qd4+ Kh7 47. Qe3 Re5 48. Qg3 Re2 49. h4 Re4 50.
Rd3 Re1+ 51. Kh2 Qe6 52. Rf3 Qc4 53. Qg5 Kg8 54. Qf6 Qd5 55. Qf4 Qe6 56. Rg3 Qe2 57. Rf3 Qe6 58. Qg3 Qd7 59. Qh3 Qd1 60. Qg3 Rh1# 0-1

[Event "Late-Titled-Tuesday-Blitz-November-28-2023"]
[Site "Chess.com"]
[Date "2023.11.28"]
[Round "4"]
[White "mr_gustavo"]
[Black "Haykoooo0o"]
[Result "0-1"]
[WhiteElo "2621"]
[BlackElo "2434"]
[TimeControl "180+1"]
[EndTime "14:38:15 PST"]
[Termination "Haykoooo0o won by resignation"]

1. d4 d5 2. Bf4 Nf6 3. Nf3 c5 4. e3 cxd4 5. exd4 Nc6 6. c3 Bg4 7. Nbd2 e6 8. Bd3 Bd6 9. Bxd6 Qxd6 10. h3 Bh5 11. O-O O-O 12. Re1 Qc7 13. Qc2 Rfc8 14. Rac1 a6 15. Ne5 Bg6 16. Bxg6 hxg6 17. Qd3 Nxe5 18.
Rxe5 b5 19. h4 b4 20. c4 dxc4 21. Rxc4 Qb7 22. Rec5 Nd5 23. Ne4 Rd8 24. Qf3 Rab8 25. Ng5 Nf6 26. Qxb7 Rxb7 27. Rc7 Rb5 28. Nxf7 Rf8 29.
Ng5 Nd5 30. Ra7 Rb6 31. Nf3 b3 32. axb3 Rxb3 33. Ne5 Rxb2 34. Nf3 Ra2 35. Rc6 a5 36. Rd6 Nf6 37. Rxe6 Ng4 38. Ree7 Ra1+ 39. Ne1 Rf7 40.
Re8+ Kh7 41. Re4 Rxa7 42. f3 Nf6 43. Re6 Rb7 44. Kh2 Ra2 45. Nd3 Rd2 46. Nf4 Rxd4 47.
Kg3 Rxf4 48. Kxf4 Ra7 49. Re3 a4 50. Ra3 Nd5+ 51. Ke5 Nc7 52. Ra1 a3 53. Kd6 a2 54.
Kc6 Ne6 55. Kb6 Ra8 56. Kb5 Nd4+ 57. Kc4 Nc2 58. Rxa2 Rxa2 59. Kb3 Ra5 60. Kxc2 Kh6 61. Kd3 Kh5 62. Ke3 Kxh4 0-1

[Event "Late-Titled-Tuesday-Blitz-November-28-2023"]
[Site "Chess.com"]
[Date "2023.11.28"]
[Round "4"]
[White "Grischuk"]
[Black "CSB7"]
[Result "1-0"]
[WhiteElo "3083"]
[BlackElo "2701"]
[TimeControl "180+1"]
[EndTime "14:38:19 PST"]
[Termination "Grischuk won by resignation"]

1. d4 Nf6 2. c4 e6 3. Bg5 d5 4. e3 h6 5. Bh4 Be7 6. Nc3 O-O 7. Qc2 Nbd7 8. cxd5 exd5 9. Bd3 c6 10. Nf3 Nh5 11.
Bxe7 Qxe7 12. O-O Re8 13. Rab1 a5 14. Rfe1 Nhf6 15. Nd2 Nf8 16. h3 Qd6 17. a3 Ne6 18. Nf3 Bd7 19. Ne5 Rec8 20. Bf5 Nf8 21. Bd3 Ne6 22. Red1 Be8 23. Bf5 c5 24. Nf3 c4 25. a4 Ra6 26. Ne5 Rb6 27. Qe2 Rb4 28.
Bc2 Rb8 29. e4 dxe4 30. Nxe4 Nxe4 31. Qxe4 Nf8 32. Qe2 Bxa4 33. Bxa4 Rxa4 34. Nxc4 Qc7 35. Ne3 Rd8 36. Rbc1 Qb6 37. d5 Rb4 38. Rc2 a4 39. Rcd2 Qd6 40. Qd3 g6 41. Qc3 Rb3 42. Qa5 b5 43.
Rc2 Rd7 44. Qa8 Rd8 45. Qa5 Rd7 46. Rdd2 Qb4 47. Qa8 Qe7 48. Rc6 Kg7 49. d6 Qf6 50.
Qe8 Rd8 51. Qe7 Rd7 52. Qe8 Rd8 53. Qe7 Rd7 54. Qxf6+ Kxf6 55. Ng4+ Ke6 56. Rb6 Rd8 57. Nxh6 Nd7 58. Re2+ Kd5 59. Rb7 Kxd6 60. Nxf7+ Kc6 61.
Nxd8+ 1-0

[Event "Late-Titled-Tuesday-Blitz-November-28-2023"]
[Site "Chess.com"]
[Date "2023.11.28"]
[Round "4"]
[White "NCchamp"]
[Black "JuniorJumper"]
[Result "1-0"]
[WhiteElo "2360"]
[BlackElo "2532"]
[TimeControl "180+1"]
[EndTime "14:38:19 PST"]
[Termination "NCchamp won on time"]

1. e4 c5 2. Nc3 e6 3. d4 cxd4 4.
Qxd4 Nc6 5. Qd3 Nf6 6. Bf4 Bb4 7.
Ne2 d5 8. O-O-O O-O 9. exd5 exd5 10. Nxd5 Nxd5 11. Qxd5 Qxd5 12. Rxd5 Be6 13. Rd1 Rfd8 14. a3 Rxd1+ 15. Kxd1 Rd8+ 16. Kc1 Ba5 17. Ng3 Nd4 18. Bd3 Nb3+ 19. Kb1 Nc5 20. Be2 Bb6 21. Rd1 Rc8 22. Be3 f6 23. Bf3 Rc7 24. Bd5 Kf7 25. Nf5 g6 26.
Bxe6+ Kxe6 27. Nd4+ Kf7 28. Nb5 Rd7 29. Rxd7+ Nxd7 30.
Bxb6 axb6 31. Nd6+ Ke6 32. Nc4 b5 33. Ne3 Ne5 34.
h3 f5 35. Kc1 f4 36. Ng4 Nc4 37. g3 h5 38. Nh2 fxg3 39. fxg3 Kf5 40. g4+ Kf4 41.
gxh5 gxh5 42. Nf1 h4 43. b3 Nxa3 44. Kb2 b4 45. c3 Nb5 46. cxb4 b6 47. Kc2 Nd4+ 48.
Kc3 Ne2+ 49. Kc4 Ng3 50. Nh2 Ne4 51. Kb5 Kg3 52. Nf1+ Kxh3 53. Ne3 Nd6+ 54. Kc6 Ne4 55. Nf5 1-0

[Event "Late-Titled-Tuesday-Blitz-November-28-2023"]
[Site "Chess.com"]
[Date "2023.11.28"]
[Round "4"]
[White "Lukianoo"]
[Black "Njal28"]
[Result "0-1"]
[WhiteElo "2824"]
[BlackElo "3004"]
[TimeControl "180+1"]
[EndTime "14:38:23 PST"]
[Termination "Njal28 won on time"]

1. e4 e5 2. d4 exd4 3. Qxd4 Nc6 4. Qe3 Nf6 5. Nc3 Bb4 6. Bd2 O-O 7. O-O-O d6 8. f3 Be6 9. Qf2 a5 10. g4 Bxc3 11.
Bxc3 Nb4 12. Bxf6 Nxa2+ 13. Kb1 Qxf6 14. Ne2 a4 15. g5 Qxg5 16. Rg1 Qf6 17. Qd4 Qxd4 18.
Rxd4 a3 19. Nf4 axb2 20. Kxb2 b5 21. Rg5 Bc4 22. Bxc4 bxc4 23. Rb5 c3+ 24. Kb3 Nc1+ 25.
Kxc3 Rfb8 26. Ra4 g6 27. Rxb8+ Rxb8 28. Ra1 g5 29. Nd5 Ne2+ 30. Kd2 Nd4 31. Ra3 Ne6 32.
Rc3 Rb7 33. Ne7+ Kg7 34. Nf5+ Kf6 35. Ne3 h5 36. Ra3 Kg7 37. Ra5 h4 38. Nf5+ Kg6 39. Ne7+ Kf6 40. Nd5+ Kg7 41. Ne3 f6 42. Nf5+ Kf7 43.
Ra8 Rb1 44. Rh8 Rh1 45. Rh7+ Kg8 46. Re7 Rxh2+ 47. Ke3 Nf4 48. Rxc7 h3 49. Ne7+ Kf8 50. Nf5 Re2+ 51. Kd4 h2 52. Rh7 Rg2 53. Nxd6 Rd2+ 54. Kc5 Ne6+ 55. Kc6 Nd4+ 56. Kd7 Nb5 57. Ke6 Rxd6+ 58.
Kf5 Nd4+ 59. Kg6 f5+ 60. Kxg5 Nxf3+ 61. Kf4 Rd1 62. Kxf3 h1=Q+ 63. Rxh1 Rxh1 64. exf5 Rc1 65. Ke4 Rxc2 0-1

[Event "Late-Titled-Tuesday-Blitz-November-28-2023"]
[Site "Chess.com"]
[Date "2023.11.28"]
[Round "4"]
[White "Likvidator228"]
[Black "Dzidzik2203"]
[Result "0-1"]
[WhiteElo "2558"]
[BlackElo "2407"]
[TimeControl "180+1"]
[EndTime "14:38:23 PST"]
[Termination "Dzidzik2203 won by resignation"]

1. b3 d5 2. Bb2 Bg4 3. g3 Nd7 4. Bg2 c6 5. Nf3 Ngf6 6. O-O h5 7. h4 Bxf3 8. Bxf3 e5 9. d3 Bd6 10. c4 Qe7 11. cxd5 cxd5 12. Nc3 Nb6 13. Nb5 Bb8 14.
Ba3 Qd7 15. Nc3 Bd6 16. Bxd6 Qxd6 17. Rc1 a6 18. e3 Rc8 19. Qd2 O-O 20. d4 e4 21. Be2 Rc7 22. Rc2 Rfc8 23. Rfc1 Qb4 24. Bd1 Qa3 25. Kg2 Qd6 26. Ne2 Nbd7 27. Nf4 g6 28.
Qa5 Rxc2 29. Rxc2 Rxc2 30. Bxc2 Qc6 31. Qd2 Kg7 32. Bd1 Nf8 33. Qb4 Qc7 34. Be2 Ne6 35.
Nxe6+ fxe6 36. Qc5 Qd7 37. b4 Ng4 38. b5 axb5 39.
Qxb5 Qf7 40. Bxg4 hxg4 41. Kf1 Kh6 42. Ke1 Qc7 43. Kd2 Qe7 44. Kc2 Qf7 45. Qe2 Qc7+ 46. Kd1 Kh5 47. Qc2 Qa5 48. Ke2 Qb5+ 49. Ke1 Qb4+ 50.
Kf1 b5 51. Qb3 Qc4+ 52. Ke1 g5 53. hxg5 Kxg5 54. Qxc4 dxc4 55. a3 Kf6 56. Kd2 e5 57. d5 Ke7 58. Kc3 Kd6 59. a4 bxa4 60.
Kxc4 a3 61. Kb3 Kxd5 62. Kxa3 Kc4 63. Kb2 Kd3 64. Kb3 Ke2 65. Kc4 Kf3 66. Kd5 Kxf2 67. Kxe4 Kxg3 68. Kxe5 Kf3 69. e4 g3 70. Kd5 g2 71. e5 g1=Q 72. e6 Qg8 73. Kd6 Qe8 74. e7 Kf4 0-1

[Event "Late-Titled-Tuesday-Blitz-November-28-2023"]
[Site "Chess.com"]
[Date "2023.11.28"]
[Round "4"]
[White "wanyaland"]
[Black "sakkikuska"]
[Result "1/2-1/2"]
[WhiteElo "2444"]
[BlackElo "2398"]
[TimeControl "180+1"]
[EndTime "14:38:27 PST"]
[Termination "Game drawn by stalemate"]

1. d4 Nf6 2. c4 g6 3. Nc3 d5 4.
Bf4 Bg7 5. e3 c5 6. dxc5 Qa5 7.
Qa4+ Qxa4 8. Nxa4 dxc4 9. Bxc4 Ne4 10. Bb5+ Bd7 11. Bxd7+ Nxd7 12. Rc1 Rc8 13. b4 a5 14. f3 Nef6 15. bxa5 Nd5 16. Ne2 e5 17. Bg3 Nxe3 18. Kf2 Nf5 19. Rhd1 Nxg3 20. Nxg3 f5 21. a6 bxa6 22.
c6 Nf6 23. c7 Nd7 24. Rc6 Ke7 25.
Rb1 e4 26. fxe4 Ne5 27. Rc2 f4 28. Ne2 Nd3+ 29. Kf1 Be5 30. Nec3 a5 31. Nd5+ Ke6 32. Rb6+ Kd7 33. Ke2 Nb4 34. Nxb4 axb4 35. Rb5 Rxc7 36.
Rd2+ Ke6 37. Nc5+ Ke7 38. Nd3 Bc3 39. Rc2 Rd8 40. Nxf4 Rcd7 41. Nd5+ Kf7 42. Nxc3 bxc3 43. Rxc3 Rd2+ 44. Kf3 Rxa2 45. Rb7+ Kg8 46. Re3 Rdd2 47. e5 Rf2+ 48. Ke4 Rxg2 49. e6 Rge2 50. Rb8+ Kg7 51. e7 Ra4+ 52. Kf3 Rxe3+ 53. Kxe3 Ra3+ 54. Ke4 Ra4+ 55. Kd5 Ra5+ 56. Kd6 Ra6+ 57. Kd7 Ra7+ 58. Kd8 Rxe7 59.
Kxe7 g5 60. Rb6 h6 61. Ke6 Kg6 62. Ke5+ Kh5 63. Ke4 Kg4 64. Rxh6 1/2-1/2

[Event "Late-Titled-Tuesday-Blitz-November-28-2023"]
[Site "Chess.com"]
[Date "2023.11.28"]
[Round "4"]
[White "Zampronha1971"]
[Black "HalfIsCrayfish"]
[Result "1/2-1/2"]
[WhiteElo "2388"]
[BlackElo "2598"]
[TimeControl "180+1"]
[EndTime "14:38:29 PST"]
[Termination "Game drawn by repetition"]

1. e4 c6 2. d4 d5 3. e5 c5 4.
Nf3 cxd4 5. Nxd4 e6 6. c4 Bb4+ 7. Nc3 Ne7 8. Be2 O-O 9. O-O Nbc6 10. cxd5 exd5 11. Nf3 Be6 12. Bf4 Ng6 13. Bg3 Bxc3 14. bxc3 Re8 15. Rb1 Qd7 16. Bb5 Bg4 17. h3 Bxf3 18.
Qxf3 Ngxe5 19. Bxe5 Rxe5 20. c4 a6 21. cxd5 axb5 22. dxc6 bxc6 23. Rfd1 Qe6 24. Rdc1 h6 25.
Rxc6 Re1+ 26. Rxe1 Qxe1+ 27. Kh2 Qe5+ 28. g3 Rd8 29. Rc2 g6 30. Re2 Qd6 31. Rb2 Qe5 32. Qe2 Qxe2 33. Rxe2 Kg7 34. Kg2 Kf6 35. Kf3 Rd3+ 36.
Ke4 Ra3 37. Kd4 b4 38. Kc4 Ra8 39. Kxb4 Rb8+ 40. Kc3 Rc8+ 41. Kb2 Rb8+ 42. Ka1 Ra8 43. Re3 Kf5 44. Rf3+ Ke6 45. a3 f5 46. Kb2 Kd5 47. Rc3 Kd4 48. Rc6 Rb8+ 49. Kc2 Ra8 50. Rxg6 Rxa3 51.
Kd2 Ra2+ 52. Ke1 Ke4 53. Re6+ Kf3 54. Re3+ Kg2 55. Re6 Rxf2 56. Rxh6 Rf1+ 57. Ke2 Rf3 58. g4 f4 59. g5 Re3+ 60. Kd2 Re8 61. Rf6 f3 62. h4 f2 63. h5 Rh8 64. h6 f1=Q 65.
Rxf1 Kxf1 66. Ke3 Kg2 67. Kf4 Kh3 68. Kf5 Kh4 69. Kg6 Rg8+ 70. Kf7 Rxg5 71. h7 Rh5 72. Kg7 Rg5+ 73. Kf7 Rh5 74. Kg7 Rg5+ 75. Kf7 1/2-1/2

[Event "Late-Titled-Tuesday-Blitz-November-28-2023"]
[Site "Chess.com"]
[Date "2023.11.28"]
[Round "4"]
[White "ameetghasi100"]
[Black "ChessSwole"]
[Result "1-0"]
[WhiteElo "2821"]
[BlackElo "2678"]
[TimeControl "180+1"]
[EndTime "14:38:30 PST"]
[Termination "ameetghasi100 won by resignation"]

1. d4 d5 2. Nf3 Nf6 3. Bg5 Ne4 4. Bf4 c5 5. e3 Nc6 6. c3 Qb6 7. Qc1 Bf5 8. Nbd2 e6 9. Be2 Be7 10. O-O Rc8 11. a4 O-O 12. dxc5 Bxc5 13. Nh4 Nxd2 14. Qxd2 Be4 15. a5 Qd8 16. Nf3 Be7 17. a6 b6 18. Nd4 Na5 19. Bb5 Bf6 20. Bg3 Bxd4 21. exd4 Nb3 22. Qe3 Nxa1 23. Rxa1 h6 24. Re1 Qf6 25.
Qe2 Rfd8 26. f3 Bf5 27. Be5 Qg6 28. Rc1 h5 29. Kh1 h4 30. Bf4 Qh5 31. Re1 f6 32.
Kg1 g5 33. Bc1 Qf7 34. Qf2 Rc7 35. f4 Qg6 36. Qe3 Be4 37. fxg5 fxg5 38. Qxg5 Qxg5 39. Bxg5 Rf8 40. Bxh4 Rg7 41. Bg3 Rg5 42. Re3 Kf7 43. h3 Rfg8 44. Kh2 Ke7 45. Be2 Kd7 46. Bg4 Bf5 47.
Be2 Be4 48. Bf1 R5g6 49. Bb5+ Ke7 50. Be2 Bf5 51. Bh5 R6g7 52. Bh4+ Kd6 53. Bf3 Be4 54.
Bg4 Bf5 55. Bg3+ Kd7 56. Be5 Rxg4 57. hxg4 Rxg4 58. Rh3 Kc6 59. Rh6 Kb5 60. Rh8 Kxa6 61. Rh3 Be4 62. Rg3 Rxg3 63. Kxg3 Kb5 64. Kf2 Kc4 65. g4 Kb3 66. Ke3 Kxb2 67. c4 a5 68. c5 bxc5 69. dxc5+ Kb3 70. c6 d4+ 71. Kxe4 d3 72.
Kxd3 1-0

[Event "Late-Titled-Tuesday-Blitz-November-28-2023"]
[Site "Chess.com"]
[Date "2023.11.28"]
[Round "4"]
[White "Yurasova_Daria"]
[Black "mbojan"]
[Result "1/2-1/2"]
[WhiteElo "2484"]
[BlackElo "2851"]
[TimeControl "180+1"]
[EndTime "14:38:30 PST"]
[Termination "Game drawn - insufficient material"]

1. d4 Nf6 2. Bg5 g6 3. Bxf6 exf6 4. e3 d5 5. g3 Bd6 6. Bg2 c6 7. Nd2 h5 8. Ne2 h4 9. c4 dxc4 10. Nxc4 Bc7 11. b4 Nd7 12. a4 Nb6 13. Nxb6 axb6 14. Qb3 Be6 15. Qc3 b5 16. a5 Ra6 17. Nc1 Bd5 18.
e4 Bc4 19. Nd3 Bxd3 20. Qxd3 Qe7 21. Rb1 Bd6 22. O-O Kf8 23. Qc3 hxg3 24. hxg3 Kg8 25. Rfe1 Rh5 26. f4 Ra8 27. e5 fxe5 28. dxe5 Bb8 29. Bf3 Rh8 30. Kg2 Ba7 31. Rh1 Rd8 32.
Rxh8+ Kxh8 33. Rh1+ Kg7 34. Rd1 Kg8 35. Rxd8+ Qxd8 36.
a6 bxa6 37. Bxc6 Qd1 38. Kh3 Bd4 39. Qf3 Qb1 40. e6 fxe6 41. Qe4 Qf1+ 42. Qg2 Qc4 43. Qe4 Kf7 44. Bb7 Qf1+ 45. Qg2 Qc4 46. Qe4 Bf6 47. Qxc4 bxc4 48. Bxa6 c3 49. Bd3 Be7 50. b5 Bc5 51. Kg2 Kf6 52. Kf3 g5 53. fxg5+ Kxg5 54. Ke4 Kf6 55. g4 Bb6 56. Kf4 Bc7+ 57. Ke4 Kg5 58. Kf3 Bb6 59. Bc2 Bd4 60. Ke4 Bb6 61. Ke5 Kxg4 62.
Kxe6 Kf4 63. Kd6 Ke3 64. Kc6 Kd2 65. Ba4 Ba5 66. b6 Bxb6 67. Kxb6 Kc1 68. Kc5 Kb2 69. Kd4 c2 70. Bxc2 1/2-1/2

[Event "Late-Titled-Tuesday-Blitz-November-28-2023"]
[Site "Chess.com"]
[Date "2023.11.28"]
[Round "4"]
[White "BigAl"]
[Black "YQPerez"]
[Result "1-0"]
[WhiteElo "2558"]
[BlackElo "2824"]
[TimeControl "180+1"]
[EndTime "14:38:32 PST"]
[Termination "BigAl won on time"]

1. Nf3 Nf6 2. g3 d5 3. Bg2 Bf5 4. O-O e6 5. d3 h6 6. c4 c6 7.
Be3 Be7 8. Qb3 Qc8 9. Nc3 O-O 10.
Rac1 Bh7 11. cxd5 exd5 12. Ne5 Nbd7 13. d4 Nxe5 14. dxe5 Ng4 15. Nxd5 Bd8 16. Bd4 Qf5 17. e4 Qh5 18. h3 Nxe5 19. g4 Qg5 20. f4 Qh4 21. Bf2 Qxf2+ 22. Kxf2 Ng6 23. Ne3 Nxf4 24. Kg1 Ne6 25. Nf5 Bb6+ 26. Kh1 Rfd8 27. Rcd1 Bxf5 28. exf5 Nd4 29. Qg3 Ne2 30. Qf3 Re8 31. Rde1 Nd4 32. Qf4 f6 33. Re4 Ne2 34. Qf3 Rxe4 35. Qxe4 Ng3+ 36.
Kh2 Nxe4 37. Bxe4 Rd8 38. Kg3 Rd2 39. b3 a5 40. a4 Bd4 41. Rf3 Be5+ 42. Kh4 Kf7 43.
Bd3 Ke7 44. Kh5 Kf8 45. Kg6 b6 46. Bc4 Rd4 47. Be6 b5 48. axb5 cxb5 49. Rc3 a4 50. Rc8+ Ke7 51. bxa4 bxa4 52. Ra8 Rf4 53. Kxg7 Bb2 54.
Ra7+ Kd6 55. Kxh6 a3 56. Kg6 Re4 57. Kh5 Kc6 58. h4 Kb6 59. Ra8 Kb7 60. Ra5 Kb6 61. Ra8 Kb5 62. Rb8+ Kc5 63. g5 fxg5 64. hxg5 Rxe6 65.
fxe6 a2 66. Ra8 a1=Q 67. Rxa1 Bxa1 68. Kg6 Kd6 69. Kf7 1-0

[Event "Late-Titled-Tuesday-Blitz-November-28-2023"]
[Site "Chess.com"]
[Date "2023.11.28"]
[Round "4"]
[White "Zavgorodniy_Sergiy"]
[Black "Goffredo_Fofi"]
[Result "0-1"]
[WhiteElo "2658"]
[BlackElo "2517"]
[TimeControl "180+1"]
[EndTime "14:38:36 PST"]
[Termination "Goffredo_Fofi won by checkmate"]

1. d4 g6 2. c4 Bg7 3. Nf3 d6 4. Nc3 Nf6 5. e4 Nbd7 6. Be2 O-O 7. O-O e5 8. Qc2 Re8 9. d5 a5 10. Ne1 Nc5 11. Be3 Nfd7 12. b3 Rf8 13. Rb1 f5 14. f3 f4 15. Bf2 g5 16. Nd3 b6 17.
a3 Nf6 18. Nxc5 bxc5 19. b4 axb4 20. axb4 cxb4 21. Rxb4 g4 22. Bh4 gxf3 23. gxf3 Bh3 24. Rfb1 Qe8 25. Kh1 Qh5 26. Bxf6 Bxf6 27. Rg1+ Kh8 28.
Rbb1 Bh4 29. Bd1 Rg8 30. Be2 Bf2 31. Rg4 Bxg4 32. fxg4 Qh4 33. Bf3 h5 34. gxh5 Rg5 35. Rf1 Bc5 36. Ne2 Rag8 37. Qa4 Bf2 38. Qd7 Bg3 39.
h3 Bf2 40. Qe6 Kh7 41. h6 Bc5 42. Qd7+ Kxh6 43. Qe6+ R8g6 44. Qc8 Rg7 45. Qe6+ R5g6 46. Qf5 Qg5 47. Qxg5+ Rxg5 48. Bg4 Rxg4 49. hxg4 Rxg4 50. Kh2 Kg5 51. Kh3 Rh4+ 52. Kg2 Kg4 53. Ng1 Bxg1 54. Rxg1 f3+ 55. Kf2+ Kf4 56. Rg7 Rh2+ 57. Kg1 Rg2+ 58.
Rxg2 fxg2 59. Kxg2 Kxe4 60. Kg3 Kd4 61. Kg4 Kxc4 62.
Kf5 Kxd5 63. Kg4 c5 64. Kf3 Kd4 65. Ke2 c4 66. Kd2 e4 67. Kc2 e3 68. Kd1 Kd3 69.
Ke1 e2 70. Kf2 Kd2 71. Kf3 e1=Q 72. Kf4 Qe3+ 73. Kf5 Kd3 74. Kf6 Kd4 75. Kf5 Qe5+ 76. Kg4 Qf6 77. Kg3 Ke4 78. Kg2 Qf3+ 79. Kh2 Qg4 80. Kh1 Kf3 81. Kh2 Qg2# 0-1

[Event "Late-Titled-Tuesday-Blitz-November-28-2023"]
[Site "Chess.com"]
[Date "2023.11.28"]
[Round "4"]
[White "GMthekingindian"]
[Black "venturov"]
[Result "1-0"]
[WhiteElo "2334"]
[BlackElo "2481"]
[TimeControl "180+1"]
[EndTime "14:38:37 PST"]
[Termination "GMthekingindian won by checkmate"]

1. e4 Nf6 2. Nc3 d5 3. e5 Nfd7 4.
d4 c5 5. dxc5 e6 6. Nf3 Nc6 7.
Bf4 Bxc5 8. Bd3 Qb6 9. O-O Qxb2 10. Nb5 Qb4 11. Bd2 Qa4 12. Nc7+ Kd8 13. Bb5 Qa3 14. Nxa8 Ncxe5 15. Nxe5 Nxe5 16. Qc1 Bd7 17. Qxa3 Bxa3 18. Ba5+ Ke7 19. Bxd7 Kxd7 20. Nc7 a6 21. Rab1 Kc6 22. Rb6+ Kxc7 23. Rxe6+ b6 24. Bxb6+ Kb7 25. Rxe5 Kxb6 26. Rxd5 Rc8 27. Rb1+ Kc6 28. Rd3 Bc5 29. Kf1 Re8 30.
Rc3 Re4 31. Re1 Rb4 32. Re8 Kd6 33. Rd8+ Ke7 34. Ra8 Bd4 35. Rb3 Rc4 36. Rxa6 Rxc2 37. Rb7+ Kd8 38. Ra8+ Rc8 39. Rxc8+ Kxc8 40. Rxf7 h6 41. f3 Kd8 42. Ke2 Bf6 43. Rb7 Kc8 44. Ra7 Kb8 45. Rf7 Kc8 46. Kd3 Kd8 47. Ke4 Ke8 48. Rb7 Kd8 49. Kd5 Kc8 50. Kc6 Be5 51.
h3 Bf4 52. a4 Bd2 53. Rxg7 h5 54.
Rf7 h4 55. Rh7 Bc3 56. Kb6 Bd4+ 57. Kc6 Bc3 58. Rxh4 Kb8 59. Rh7 Kc8 60. h4 Kd8 61. h5 Ke8 62. h6 Kf8 63. Rb7 Kg8 64. g4 Kf8 65. g5 Kg8 66. g6 Kf8 67. f4 Bd2 68. f5 Bxh6 69. f6 Kg8 70. Rb8+ Bf8 71. Rxf8+ Kxf8 72. Kd6 Ke8 73. a5 Kd8 74. a6 Kc8 75.
Kc6 Kb8 76. Kb6 Kc8 77. Kc6 Kb8 78. g7 Ka7 79. g8=Q Kxa6 80. Qa8# 1-0